Map: Prion Terraces

Players

ReacH

  • Race: Protoss Protoss
  • League: Diamond

Hantypen - Winner!

  • Race: Terran Terran
  • League: Master

VOD

Have the link to the VOD?

Description

Time

  • Played on: March 10, 2016, 6:30 p.m.
  • Length: 5:34
Show
View Real Time Build Order
Export as new Build Order

ReacH Protoss 

Build Orders: 1 Gate Expand 

Get SALT Encoding   

  12  0:01  Probe (Chrono Boost)  
  13  0:13  Probe (Chrono Boost)  
  14  0:19  Pylon  
  14  0:23  Probe (Chrono Boost)  
  15  0:37  Probe (Chrono Boost), Gateway  
  16  0:47  Probe (Chrono Boost), Assimilator  
  17  0:58  Probe (Chrono Boost)  
  18  1:10  Probe (Chrono Boost)  
  19  1:21  Nexus  
  19  1:26  Probe (Chrono Boost)  
  20  1:36  Cybernetics Core  
  20  1:41  Probe (Chrono Boost)  
  20  1:43  Assimilator  
  21  1:51  Pylon  
  21  1:53  Probe (Chrono Boost)  
  22  2:04  Probe (Chrono Boost)  
  23  2:14  Probe (Chrono Boost)  
  23  2:15  Adept (Chrono Boost)  
  26  2:26  Mothership Core (Chrono Boost)  
  28  2:30  Warp Gate  
  28  2:35  Probe (Chrono Boost)  
  29  2:42  Pylon  
  29  2:43  Adept (Chrono Boost)  
  31  2:45  Pylon  
  31  2:49  Pylon  
  31  2:53  Probe (Chrono Boost), Pylon  
  32  2:59  Pylon  
  32  3:00  Probe (Chrono Boost)  
  32  3:05  Probe (Chrono Boost)  
  34  3:08  Pylon  
  33  3:14  Adept  
  35  3:26  Probe (Chrono Boost)  
  36  3:28  Probe (Chrono Boost)  
  37  3:35  Robotics Facility  
  37  3:41  Adept  
  39  3:42  Probe (Chrono Boost)  
  39  3:46  Probe (Chrono Boost)  
  41  3:52  Probe (Chrono Boost)  
  42  3:55  Pylon  
  42  3:58  Probe (Chrono Boost)  
  43  4:05  Probe (Chrono Boost)  
  43  4:08  Probe (Chrono Boost)  
  45  4:11  Pylon  
  45  4:12  Pylon  
  45  4:13  Adept  
  45  4:15  Probe (Chrono Boost)  
  48  4:20  Gateway  
  48  4:25  Probe (Chrono Boost)  
  49  4:33  Robotics Bay, Probe (Chrono Boost)  
  49  4:34  Gateway  
  49  4:37  Observer (Chrono Boost)  
  49  4:47  Probe  
  49  4:49  Probe  
  51  4:52  Sentry  
  51  4:57  Immortal (Chrono Boost)  
  51  4:59  Probe  
  56  5:13  Probe  
  49  5:17  Adept  
  51  5:26  Adept  
Show
View Real Time Build Order
Export as new Build Order

Hantypen Terran - Winner!

Build Orders:  

Get SALT Encoding   

  12  0:00  SCV  
  13  0:12  SCV  
  14  0:17  Supply Depot  
  14  0:24  SCV  
  15  0:39  SCV  
  15  0:40  Barracks  
  16  0:45  Refinery  
  16  0:51  SCV  
  17  1:03  SCV  
  18  1:15  SCV  
  19  1:27  Marine  
  19  1:28  Orbital Command, Supply Depot  
  20  1:36  Barracks  
  20  1:41  Engineering Bay  
  20  1:46  Barracks Reactor  
  20  1:55  SCV  
  21  2:03  Barracks  
  21  2:07  Terran Infantry Weapons Level 1  
  21  2:22  Marine x2  
  21  2:26  Barracks Reactor  
  23  2:32  Missile Turret  
  23  2:36  Supply Depot  
  23  2:40  Marine x2  
  25  2:51  Barracks Reactor  
  25  2:58  Marine x2  
  25  3:03  Marine x2  
  29  3:17  Marine x2  
  31  3:25  Marine x2  
  32  3:31  Marine x2  
  32  3:32  Supply Depot  
  34  3:35  Marine x2  
  36  3:43  Marine x2  
  38  3:49  Marine  
  38  3:53  Marine  
  38  3:54  Supply Depot x2, Marine x2  
  42  4:00  SCV  
  42  4:02  Marine x2  
  43  4:08  Marine  
  46  4:11  Marine  
  47  4:17  Supply Depot  
  47  4:20  Marine  
  47  4:26  Marine x3  
  47  4:29  Command Center  
  47  4:30  Marine  
  51  4:32  Marine  
  52  4:44  Marine  
  52  4:45  Marine x3  
  52  4:52  Marine x2  
  54  4:53  SCV  
  54  4:58  Refinery  
  54  5:02  Marine  
  49  5:12  Marine x4  
  47  5:15  Marine  
  47  5:20  SCV  
Tags
 
Add a new tag
Caveats
  • Supply blocks, unpowered buildings, or Contaminate may cause inaccurate times.
  • Supply counts are checked every 10 seconds.